 Dungeon Crawl Stone Soup version 0.28-a0-863-g8cecda6153 (webtiles) character file.

Game seed: 17995414558171875117

43 Htamos the Sneak (level 3, -2/16 HPs)
             Began as a Spriggan Enchanter on Nov 17, 2021.
             Slain by a quokka (5 damage)
             ... on level 2 of the Dungeon.
             The game lasted 00:05:22 (2352 turns).

Htamos the Sneak (Spriggan Enchanter)               Turns: 2352, Time: 00:05:23

Health: -2/16      AC:  2    Str:  5    XL:     3   Next: 37%
Magic:  1/8        EV: 17    Int: 16    God:
Gold:   94         SH:  0    Dex: 15    Spells: 6/8 levels left

rFire   . . .      SeeInvis +   a - +1 dagger
rCold   . . .      Faith    .   (shield restricted)
rNeg    . . .      Spirit   .   b - +0 robe
rPois   .          Reflect  .   (helmet restricted)
rElec   .          Harm     .   (no cloak)
rCorr   .          Rampage  .   (gloves unavailable)
Will    .....                   (boots unavailable)
Stlth   +++.......              (no amulet)
HPRegen 0.05/turn               (no ring)
MPRegen 0.11/turn               (no ring)

@: very quick
A: very small, no large weapons, unfitting armour, see invisible, speed 3
a: no special abilities


You were on level 2 of the Dungeon.
You visited 1 branch of the dungeon, and saw 2 of its levels.

You collected 94 gold pieces.

Inventory:

Hand Weapons
 a - a +1 dagger (weapon)
 e - a +0 hunting sling
Missiles
 d - 36 stones (quivered)
Armour
 b - a +0 robe (worn)
Jewellery
 l - a ring of willpower
Scrolls
 f - a scroll of enchant weapon {unknown}
 g - 2 scrolls of amnesia {unknown}
 j - a scroll of blinking {unknown}
 m - a scroll of teleportation {unknown}
Potions
 c - a potion of invisibility
 h - a potion of flight {unknown}
 i - a potion of mutation {unknown}
 k - a potion of heal wounds {unknown}


   Skills:
 + Level 1.8 Short Blades
 + Level 3.3 Dodging
 + Level 5.0 Stealth
 + Level 3.1 Spellcasting
 + Level 4.1 Hexes


You had 6 spell levels left.
You knew the following spells:

 Your Spells              Type           Power      Damage    Failure   Level
a - Ensorcelled Hibernat  Hex/Ice        18%        N/A       12%         2

Your spell library contained the following spells:

 Spells                   Type           Power      Damage    Failure   Level
 Confusing Touch          Hex            15%        N/A       11%         3
 Tukima's Dance           Hex            15%        N/A       11%         3
 Dazzling Flash           Conj/Hex       18%        N/A       24%         3


Dungeon Overview and Level Annotations

Branches:
Dungeon (2/15)

Altars:

Annotations:
D:2 Terence


Innate Abilities, Weirdness & Mutations

You are very small and have problems with some larger weapons.
You are too small for most types of armour.
You have supernaturally acute eyesight. (SInv)
You cover ground extremely quickly. (Speed+++)


Message History

Terence resists with some effort.
The quokka bites you. Terence misses you.
Unknown command.
Casting: Ensorcelled Hibernation (safe; 12% risk of failure)
Confirm with . or Enter, or press ? or * to list all spells.
Aiming: Ensorcelled Hibernation (safe; 12% risk of failure)
Press: ? - help, Shift-Dir - straight line, f/p - Terence
Aim: Terence, wielding a +0 mace, wearing a +0 ring mail and carrying a wand of digging (6) (chance to affect: 50%) Terence looks drowsy...
The quokka closely misses you. The quokka misses you.
Marking area around Terence as unsafe for travelling.
The helpless Terence fails to defend himself.
You impale Terence!!
Terence is almost dead.
Terence hits you with a +0 mace.
* * * LOW HITPOINT WARNING * * *
The quokka misses you.
Casting: Ensorcelled Hibernation (safe; 12% risk of failure)
Confirm with . or Enter, or press ? or * to list all spells.
Aiming: Ensorcelled Hibernation (safe; 12% risk of failure)
Press: ? - help, Shift-Dir - straight line, f/p - Terence
Aim: Terence, wielding a +0 mace, wearing a +0 ring mail and carrying a wand of digging (6) (almost dead, not susceptible) Terence is unaffected.
The quokka misses you. Terence hits you with a +0 mace.
* * * LOW HITPOINT WARNING * * *
Unknown command.
Casting: Ensorcelled Hibernation (safe; 12% risk of failure)
Confirm with . or Enter, or press ? or * to list all spells.
Aiming: Ensorcelled Hibernation (safe; 12% risk of failure)
Press: ? - help, Shift-Dir - straight line, f/p - Terence
Aim: Terence, wielding a +0 mace, wearing a +0 ring mail and carrying a wand of digging (6) (almost dead, not susceptible) Terence is unaffected.
* * * LOW MAGIC WARNING * * *
The quokka bites you.
* * * LOW HITPOINT WARNING * * *
Terence completely misses you.
Unknown command.
The quokka misses you.
Terence says, "Don't bother to defend, it's useless."
You hear a zap.
You hear a grinding noise.
There is an escape hatch in the ceiling here.
The quokka bites you.
You die...

. #.##....# #.# .. #####
#.#.....###.# #.#.##...#
##............
#......#.#####............#
#.# #.........#.......####
#.###....†....##.....#####
#.##..#######..........)##
#.##..#.....#...##.####.##
#.#......@.........# #.##
#....#.#r..#.#.)#### #.##
#....#..._...#..# #.#
#.#..#.<.@.<.#..#######.#
#.#......#...#..........#
#.##.#......##...######.#
#.##..#.#.###..# #.#
#.###.........# #.# #.#
#........##########.##


You could see Terence and a quokka.

Vanquished Creatures
  A worm (D:2)
  An endoplasm (D:1)
  A giant cockroach (D:1)
  3 hobgoblins (D:1)
  3 jackals (D:1)
  6 kobolds (D:1)
  3 quokkas
  4 ball pythons (D:1)
  4 bats
  4 frilled lizards
  5 goblins
  2 rats (D:2)
37 creatures vanquished.

Notes
Turn   | Place    | Note
-------+----------+-------------------------------------------
     0 | D:1      | Htamos the Spriggan Enchanter began the quest for the Orb.
     0 | D:1      | Reached XP level 1. HP: 9/9 MP: 5/5
   725 | D:1      | Reached XP level 2. HP: 13/13 MP: 6/6
   728 | D:1      | Learned a level 2 spell: Ensorcelled Hibernation
  1563 | D:1      | Reached XP level 3. HP: 16/16 MP: 5/8
  2297 | D:2      | Reached skill level 5 in Stealth
  2304 | D:2      | Found a faded altar of an unknown god.
  2321 | D:2      | Noticed Terence
  2352 | D:2      | Slain by a quokka

Illustrated notes

Levels and vault maps discovered:
D:1:      dpeg_arrival_water_temple_mockup, layout_basic,
          minmay_misc_feat_ornament
D:2:      layout_loops_ring, basic_altar, nicolae_ecumenical_pavilion,
          uniq_terence

Skill      XL: |  1  2  3 |
---------------+----------+-----
Dodging        | 3 |  3.3
Spellcasting   | 3 |  3.1
Hexes          | 4 |  4.1
Stealth        | 5 |  5.0
Short Blades   | |  1.8

Action                   || total
-------------------------++-------
Melee: Dagger            ||    85
 Fire: Hunting sling     ||    33
Throw: Stone             ||     8
 Cast: Ensorcelled Hiber ||    27
 Stab: Sleeping          ||    24
Armor: Robe              ||    11
Dodge: Dodged            ||    76

Table legend: (Time is in decaauts)
 A = Elapsed time spent in this place.
 B = Non-inter-level travel time spent in this place.
 C = Inter-level travel time spent in this place.
 D = Time resting spent in this place.
 E = Time spent auto-exploring this place.
 F = Levels seen in this place.
 G = Mean time per level.
                   A        B        C        D        E       F      G
               +--------+--------+--------+--------+--------+-----+--------+
         Total |   1881 |   1867 |     14 |    126 |   1326 |   2 |  940.5 |
       Dungeon |   1881 |   1867 |     14 |    126 |   1326 |   2 |  940.5 |
               +--------+--------+--------+--------+--------+-----+--------+

Top non-repeatable levels by time:
     D:1: 1575 daAuts
     D:2: 305 daAuts
